 Dungeon Crawl Stone Soup version 0.31-a0-38-g1548c4f2a5 (webtiles) character file.

Game seed: 16554748775259257361

322 bande the Covered (level 6, -4/39 HPs)
             Began as a Gargoyle Fighter on May 17, 2023.
             Was an Initiate of Okawaru.
             Slain by BlasphemerAmon's ghost (10 damage)
             ... on level 4 of the Dungeon.
             The game lasted 00:06:58 (4170 turns).

bande the Covered (Gargoyle Fighter)                Turns: 4170, Time: 00:06:58

Health: -4/39      AC: 12    Str: 20    XL:     6   Next: 47%
Magic:  6/6        EV:  8    Int:  8    God:    Okawaru [......]
Gold:   301        SH:  8    Dex: 11    Spells: 4/5 levels left

rFire   . . .        a - +0 war axe
rCold   + . .        m - +0 kite shield
rNeg    + . .        b - +0 scale mail
rPois   ∞            j - +0 hat
rElec   +            (no cloak)
rCorr   .            l - +0 pair of gloves
SInv    .            (no boots)
Will    .....        (no amulet) Stlth
                     p - ring of protection from cold
HPRegen 0.26/turn    (no ring)
MPRegen 0.10/turn

%: no passive effects
@: no status effects
A: sickness immunity, AC +4, negative energy resistance 1, electricity
resistance, torment resistance 1, petrification resistance
a: Renounce Religion


You were on level 4 of the Dungeon.
You worshipped Okawaru.
Okawaru was noncommittal.
You visited 2 branches of the dungeon, and saw 5 of its levels.

You collected 301 gold pieces.

Inventory:

Hand Weapons
 a - a +0 war axe (weapon)
 n - a +0 flail
Armour
 b - a +0 scale mail (worn)
 j - a +0 hat (worn)
 l - a +0 pair of gloves (worn)
 m - a +0 kite shield (worn)
Jewellery
 p - a ring of protection from cold (left hand)
Scrolls
 e - a scroll of magic mapping
 g - a scroll of fear
 i - 4 scrolls of fog
 q - 2 scrolls of identify
 r - a scroll of teleportation
Potions
 c - a potion of resistance {unknown}
 d - 3 potions of might
 f - a potion of cancellation {unknown}
 h - 2 potions of curing
 k - a potion of haste {unknown}
 o - a potion of heal wounds {unknown}
 s - a potion of flight {unknown}


   Skills:
 + Level 4.3 Fighting
 + Level 4.1 Axes
 + Level 4.4 Armour
 + Level 4.4 Shields
 * Level 0.5 Translocations
 * Level 0.5 Invocations


You had 4 spell levels left.
You knew the following spells:

 Your Spells              Type           Power      Damage    Failure   Level
a - Apportation           Tloc           0%         N/A       92%         1

Your spell library contained the following spells:

 Spells                   Type           Power      Damage    Failure   Level
 Necrotise                Necr           0%         1d4       95%         1
 Sandblast                Erth           0%         2d4       95%         1
 Passwall                 Tmut/Erth      0%         N/A       99%         2
 Stone Arrow              Conj/Erth      0%         3d7       100%        3
 Borgnjor's Vile Clutch   Necr/Erth      0%         N/A       100%        5
 Summon Small Mammal      Summ           Unusable   N/A       N/A         1
 Animate Dead             Necr           Unusable   N/A       N/A         4
 Death Channel            Necr           Unusable   N/A       N/A         6

Dungeon Overview and Level Annotations

Branches:
Dungeon (4/15)             Temple (1/1) D:4

Altars:
Cheibriados
Dithmenos
Elyvilon
Gozag
Hepliaklqana
Kikubaaqudgha
Makhleb
Nemelex Xobeh
Okawaru
Ru
Sif Muna
Trog
Uskayaw
Xom
Yredelemnul
Zin
The Shining One

Annotations:
D:4 BlasphemerAmon's ghost, amateur GnBe


Innate Abilities, Weirdness & Mutations

You are immune to sickness and miasma.
Your stone body is resilient. (AC +4)
You are immune to poison.
You resist negative energy. (rN+)
You are resistant to electric shocks. (rElec)
You are resistant to unholy torment.
You are immune to petrification.


Message History

BlasphemerAmon's ghost is moderately damaged.
BlasphemerAmon's ghost hits you but does no damage.
You barely miss BlasphemerAmon's ghost.
BlasphemerAmon's ghost is moderately damaged.
BlasphemerAmon's ghost closely misses you.
You barely miss BlasphemerAmon's ghost.
BlasphemerAmon's ghost is moderately damaged.
BlasphemerAmon's ghost shouts, "To die, to sleep, no more."
You block BlasphemerAmon's ghost's attack. x2
You hit BlasphemerAmon's ghost but do no damage.
BlasphemerAmon's ghost is moderately damaged.
You block BlasphemerAmon's ghost's attack.
You hit BlasphemerAmon's ghost.
BlasphemerAmon's ghost is moderately damaged.
You block BlasphemerAmon's ghost's attack.
BlasphemerAmon's ghost closely misses you.
You hit BlasphemerAmon's ghost.
BlasphemerAmon's ghost is moderately damaged.
BlasphemerAmon's ghost hits you!
You hit BlasphemerAmon's ghost.
BlasphemerAmon's ghost is moderately damaged.
You block BlasphemerAmon's ghost's attack.
BlasphemerAmon's ghost hits you.
You hit BlasphemerAmon's ghost but do no damage.
BlasphemerAmon's ghost is moderately damaged.
BlasphemerAmon's ghost stares at you. BlasphemerAmon's ghost hits you.
You hit BlasphemerAmon's ghost but do no damage.
BlasphemerAmon's ghost is moderately damaged.
BlasphemerAmon's ghost hits you but does no damage.
You hit BlasphemerAmon's ghost.
BlasphemerAmon's ghost is heavily damaged.
BlasphemerAmon's ghost hits you.
* * * LOW HITPOINT WARNING * * *
BlasphemerAmon's ghost hits you.
* * * LOW HITPOINT WARNING * * *
You hit BlasphemerAmon's ghost but do no damage.
BlasphemerAmon's ghost is heavily damaged.
BlasphemerAmon's ghost hits you!
You die...

#.#.#.#.##
##.'..#..$#
#..'.....=#
#KKK..#...#
#KK#.#.#.##### ##
#KK##.⌠.####.## #.
#KKK#######.#.###.
#W###...##..[..#..
#@..........#.....
#####...##.....#..
##.####.#.###. #.#
##.####. #.#
#...... #.#
#.####. ###.# ##.#
#. #...# #..# #.
#.### #.## #.


You could see a kobold brigand, BlasphemerAmon's ghost and 8 kobolds.

Vanquished Creatures
  A hound (D:3)
  An orc priest (D:3)
  A jelly (Temple)
  An iguana (D:4)
  5 gnolls
  7 adders
  An ufetubus (D:4)
  A worm (D:2)
  3 dart slugs
  6 orcs
  7 ball pythons
  4 bats
  5 endoplasms
  5 giant cockroaches
  6 hobgoblins
  4 jackals (D:1)
  4 quokkas (D:2)
  4 frilled lizards (D:2)
  5 goblins
  7 kobolds
  9 rats
87 creatures vanquished.

Notes
Turn   | Place    | Note
-------+----------+-------------------------------------------
     0 | D:1      | bande the Gargoyle Fighter began the quest for the Orb.
     0 | D:1      | Reached XP level 1. HP: 14/14 MP: 1/1
    53 | D:1      | Reached XP level 2. HP: 9/20 MP: 2/2
   354 | D:1      | Reached XP level 3. HP: 20/24 MP: 3/3
  1365 | D:2      | Reached XP level 4. HP: 28/29 MP: 4/4
  1972 | D:3      | Reached XP level 5. HP: 23/33 MP: 5/5
  2339 | D:3      | Found a faded altar of an unknown god.
  2774 | D:4      | Found a runed translucent gate.
  2774 | D:4      | Found a runed translucent gate.
  2774 | D:4      | Found a runed translucent gate.
  2774 | D:4      | Noticed BlasphemerAmon's ghost (amateur GnBe)
  2775 | D:4      | Noticed a kobold brigand
  2862 | D:4      | Reached XP level 6. HP: 38/38 MP: 6/6
  2888 | D:4      | Learned a level 1 spell: Apportation
  2955 | D:4      | Found a staircase to the Ecumenical Temple.
  2962 | Temple   | Entered the Ecumenical Temple
  3030 | Temple   | Became a worshipper of Warmaster Okawaru
  4170 | D:4      | Slain by BlasphemerAmon's ghost

Illustrated notes

Levels and vault maps discovered:
D:1:      lightli_arrival_quake, layout_basic
D:2:      layout_basic
D:3:      layout_rooms, dreamdust_ecumenical_altar_hidden_monk_grotto
D:4:      layout_loops_ring, minmay_temple_entry_offerings,
          gammafunk_ghost_nasty_kobolds, st_stairs_8, grunt_ministairs_2
Temple:   nicolae_temple_bog_church

Skill      XL: |  1  2  3  4  5  6 |
---------------+-------------------+-----
Axes           | 2 3 4 |  4.1
Fighting       | 4 |  4.3
Armour         | 4 |  4.4
Shields        | 4 |  4.4
Translocations | |  0.5
Invocations    | |  0.5

Action                     |  1- 3 |  4- 6 || total
---------------------------+-------+-------++-------
  Melee: War axe           |   159 |   173 ||   332
    Use: Scroll            |     6 |     6 ||    12
 Armour: Scale mail        |    89 |    84 ||   173
  Dodge: Dodged            |    68 |    75 ||   143
  Block: Buckler           |    26 |       ||    26
         Kite shield       |    23 |    94 ||   117

Table legend: (Time is in decaauts)
 A = Elapsed time spent in this place.
 B = Non-inter-level travel time spent in this place.
 C = Inter-level travel time spent in this place.
 D = Time resting spent in this place.
 E = Time spent auto-exploring this place.
 F = Levels seen in this place.
 G = Mean time per level.
                   A        B        C        D        E       F      G
               +--------+--------+--------+--------+--------+-----+--------+
         Total |   4327 |   4189 |    138 |    675 |   2646 |   5 |  865.4 |
       Dungeon |   3645 |   3536 |    109 |    144 |   2606 |   4 |  911.2 |
        Temple |    682 |    653 |     29 |    531 |     40 |   1 |  682.0 |
               +--------+--------+--------+--------+--------+-----+--------+

Top non-repeatable levels by time:
     D:1: 1076 daAuts
     D:2: 947 daAuts
     D:4: 947 daAuts
  Temple: 682 daAuts
     D:3: 674 daAuts
